 Dungeon Crawl Stone Soup version 0.28.0-53-g5a82cb258f (webtiles) character file.

Game seed: 13017515682734440545

46 mcbry74 the Vexing (level 3, -1/20 HPs)
             Began as a Kobold Arcane Marksman on July 13, 2022.
             Killed from afar by a white imp (7 damage)
             ... with a puff of frost
             ... summoned by Natasha
             ... on level 2 of the Dungeon.
             The game lasted 00:05:14 (1726 turns).

mcbry74 the Vexing (Kobold Arcane Marksman)         Turns: 1726, Time: 00:05:15

Health: -1/20      AC:  2    Str:  7    XL:     3   Next: 95%
Magic:  4/4        EV: 15    Int: 16    God:
Gold:   58         SH:  0    Dex: 15    Spells: 3/4 levels left

rFire   . . .      SeeInvis .   b - +0 short sword
rCold   . . .      Faith    .   (no shield)
rNeg    . . .      Spirit   .   d - +0 robe
rPois   .          Reflect  .   (no helmet)
rElec   .          Harm     .   (no cloak)
rCorr   .          Rampage  .   (no gloves)
Will    .....                   (no boots)
Stlth   +++.......              (no amulet)
HPRegen 0.06/turn               (no ring)
MPRegen 0.09/turn               (no ring)

@: no status effects
A: small, no large weapons, nightstalker 3
a: no special abilities


You were on level 2 of the Dungeon.
You visited 1 branch of the dungeon, and saw 2 of its levels.

You collected 58 gold pieces.

Inventory:

Hand Weapons
 a - a +0 hand crossbow
 b - a +0 short sword (weapon)
 j - a +0 dagger
Missiles
 c - 30 bolts
 e - 6 javelins
Armour
 d - a +0 robe (worn)
 f - a +0 kite shield
Scrolls
 h - a scroll of vulnerability {unknown}
 i - a scroll of noise {unknown}
 l - a scroll of enchant armour {unknown}
Potions
 g - a potion of attraction {unknown}
 k - a potion of brilliance {unknown}


   Skills:
 - Level 1.1 Fighting
 + Level 1.0 Short Blades
 + Level 3.5 Crossbows
 - Level 2.4 Dodging
 + Level 0.4 Stealth
 - Level 1.1 Spellcasting
 + Level 3.8 Hexes


You had 3 spell levels left.
You knew the following spells:

 Your Spells              Type           Power      Damage    Failure   Level
a - Slow                  Hex            52%        N/A       4%          1

Your spell library contained the following spells:

 Spells                   Type           Power      Damage    Failure   Level
 Inner Flame              Hex/Fire       6%         N/A       30%         3
 Portal Projectile        Hex/Tloc       12%        N/A       30%         3
 Cause Fear               Hex            6%         N/A       43%         4


Dungeon Overview and Level Annotations

Branches:
Dungeon (2/15)

Altars:

Annotations:
D:2 Natasha


Innate Abilities, Weirdness & Mutations

You are small and have problems with some larger weapons.
You are completely attuned to the shadows.


Message History

The rat bites you.
You hit the rat.
The rat is moderately wounded.
The bat barely misses you. The rat misses you.
You hit the rat.
You kill the rat!
The bat misses you. The bat hits you but does no damage.
You see here a rat corpse.
You hit the bat.
The bat is heavily wounded.
The bat hits you but does no damage. The bat barely misses you.
The bat hits you but does no damage. The bat hits you but does no damage. x2
You hit the bat.
You kill the bat!
Your Short Blades skill increases to level 1!
You see here a bat corpse.
You see here a rat corpse.
The helpless Natasha fails to defend herself.
You hit Natasha.
Natasha is lightly wounded.
Natasha misses you.
You hit Natasha but do no damage.
Natasha is lightly wounded.
Natasha mumbles some strange words.
You miss Natasha.
Natasha is lightly wounded.
Natasha barely misses you.
You closely miss Natasha.
Natasha is lightly wounded.
Natasha zaps a wand.
The puff of flame hits you.
* * * LOW HITPOINT WARNING * * *
You hit Natasha.
Natasha is moderately wounded.
Natasha casts a spell.
The white imp shouts, "Begone, thou cockered full-gorged gudgeon!"
The white imp gestures at you. The puff of frost hits you!
You die...

########
.......#########
#.@...†.†.....
#.5h##.#########
#..# #.# ..5 #.# #.#
#. #.# #.# ##.####
#.#
..##...#.######.#
................#
..##...#.######.####


You could see Natasha, a crimson imp (summoned) and a white imp (summoned).

Vanquished Creatures
  A gnoll (D:1)
  A worm (D:2)
  A dart slug (D:1)
  3 ball pythons (D:1)
  A giant cockroach (D:1)
  3 goblins
  4 hobgoblins (D:1)
  5 kobolds
  7 bats
  A frilled lizard (D:2)
  5 rats
32 creatures vanquished.

Notes
Turn   | Place    | Note
-------+----------+-------------------------------------------
     0 | D:1      | mcbry74 the Kobold Arcane Marksman began the quest for the
                  | Orb.
     0 | D:1      | Reached XP level 1. HP: 12/12 MP: 2/2
    58 | D:1      | Found a faded altar of an unknown god.
    83 | D:1      | Reached XP level 2. HP: 16/16 MP: 3/3
   194 | D:1      | Reached XP level 3. HP: 19/20 MP: 4/4
  1703 | D:2      | Noticed Natasha
  1715 | D:2      | Reached skill level 1 in Short Blades
  1726 | D:2      | Killed from afar by a white imp

Illustrated notes

Levels and vault maps discovered:
D:1:      amcnicky_arrival_double_pillar, layout_loops_ring,
          chequers_ecumenical_altar_simple
D:2:      layout_loops_ring, uniq_natasha

Skill      XL: |  1  2  3 |
---------------+----------+-----
Crossbows      | 3 |  3.5
Short Blades   | 1 |  1.0
Fighting       | |  1.1
Dodging        | |  2.4
Stealth        | |  0.4
Spellcasting   | |  1.1
Hexes          | |  3.8

Action                   || total
-------------------------++-------
Melee: Short sword       ||    65
       Dagger            ||    24
 Fire: Hand crossbow     ||    50
 Cast: Slow              ||     6
 Stab: Sleeping          ||     3
Armor: Robe              ||    33
Dodge: Dodged            ||   113
